Map: Jagannatha LE

Players

Denver - Winner!

  • Race: Zerg Zerg

PtitDrogo

  • Race: Protoss Protoss

Event: DreamHack SC2 Masters 2021 Winter

VOD

Have the link to the VOD?

Description

Time

  • Played on: Sept. 29, 2021, 1 p.m.
  • Length: 12:52

All games in this series

Show
View Real Time Build Order
Export as new Build Order

Denver Zerg - Winner!

Build Orders: Hatch First, Lurkers 

Get SALT Encoding   

  12  0:00  Drone  
  13  0:12  Overlord  
  13  0:17  Drone  
  14  0:31  Drone x2  
  16  0:49  Hatchery  
  15  0:53  Drone  
  15  0:56  Drone  
  17  1:00  Drone  
  18  1:10  Extractor  
  17  1:15  Spawning Pool  
  17  1:18  Drone  
  17  1:23  Drone  
  18  1:30  Drone  
  19  1:39  Drone  
  20  1:49  Overlord  
  20  2:02  Queen x2  
  20  2:03  Zergling x4  
  26  2:12  Metabolic Boost  
  26  2:15  Drone  
  27  2:18  Drone  
  28  2:23  Drone  
  28  2:24  Drone  
  30  2:41  Hatchery  
  30  2:42  Drone  
  30  2:48  Queen  
  32  2:53  Overlord  
  32  2:57  Spore Crawler  
  31  3:00  Drone  
  31  3:05  Drone x3  
  36  3:14  Zergling x6  
  36  3:16  Drone  
  36  3:17  Drone  
  41  3:22  Drone x2  
  43  3:30  Drone  
  43  3:33  Overlord  
  44  3:37  Spore Crawler  
  44  3:40  Overlord  
  43  3:46  Queen, Spore Crawler  
  43  3:47  Overlord  
  44  3:52  Drone x3  
  47  3:56  Drone x2  
  47  4:00  Drone  
  47  4:01  Drone  
  50  4:04  Queen  
  52  4:10  Zergling x2  
  52  4:11  Zergling x2  
  52  4:12  Spore Crawler  
  52  4:16  Drone x3  
  56  4:19  Drone x2  
  58  4:25  Queen  
  58  4:28  Drone  
  58  4:29  Drone x2  
  63  4:35  Overlord  
  63  4:36  Drone x2  
  62  4:43  Lair  
  62  4:47  Overlord, Roach Warren  
  62  4:50  Drone  
  62  4:54  Overlord  
  61  5:00  Drone x5  
  61  5:02  Extractor x2  
  61  5:06  Overlord  
  64  5:08  Drone  
  64  5:09  Drone x3  
  64  5:11  Drone  
  64  5:12  Drone  
  69  5:14  Drone x2  
  69  5:16  Drone  
  69  5:18  Drone  
  69  5:19  Drone  
  74  5:25  Drone x5  
  79  5:31  Drone x3  
  79  5:33  Extractor  
  81  5:37  Drone  
  81  5:38  Drone x2, Evolution Chamber  
  81  5:41  Overseer  
  83  5:42  Extractor  
  83  5:46  Hatchery  
  81  5:50  Drone x4  
  81  5:51  Drone  
  81  5:54  Drone x2  
  87  5:57  Drone x3  
  87  6:01  Extractor  
  87  6:02  Hydralisk Den  
  87  6:03  Infestation Pit  
  86  6:04  Drone  
  86  6:05  Drone x3  
  86  6:07  Overlord  
  90  6:13  Glial Reconstitution  
  90  6:15  Overlord  
  90  6:17  Zerg Missile Weapons Level 1  
  90  6:19  Roach x3  
  90  6:23  Overlord  
  96  6:26  Roach x3  
  96  6:27  Roach  
  96  6:31  Overlord  
  104  6:33  Roach  
  104  6:34  Roach x2  
  110  6:40  Roach x2, Spore Crawler  
  110  6:43  Overlord x2  
  110  6:46  Hive  
  113  6:50  Hydralisk Den  
  113  6:53  Drone x5  
  117  6:55  Overlord  
  117  7:03  Zergling x2, Roach, Extractor  
  117  7:04  Zergling x10, Extractor  
  123  7:09  Drone, Overseer  
  124  7:16  Overlord  
  124  7:18  Zergling x8  
  124  7:19  Zergling x8  
  131  7:23  Drone x3  
  131  7:24  Lurker Den  
  131  7:27  Overlord x2  
  133  7:30  Pneumatized Carapace  
  117  7:39  Roach x7  
  131  7:45  Hydralisk x3  
  137  7:52  Hydralisk x2  
  137  7:53  Hydralisk x2  
  139  8:06  Drone x4  
  139  8:07  Viper x3  
  152  8:14  Overlord  
  152  8:19  Zerg Missile Weapons Level 2  
  152  8:21  Seismic Spines  
  152  8:22  Lurker x2  
  152  8:23  Lurker  
  152  8:24  Hatchery  
  152  8:25  Drone x3  
  157  8:27  Overlord  
  157  8:32  Lurker x2  
  159  8:35  Drone x2  
  159  8:37  Evolution Chamber  
  161  8:48  Lurker  
  161  8:49  Lurker  
  161  8:53  Hydralisk x6  
  174  8:58  Drone x3  
  174  9:00  Spine Crawler, Overlord  
  174  9:02  Spine Crawler x2  
  173  9:04  Spine Crawler  
  173  9:07  Spine Crawler  
  166  9:12  Hydralisk x6  
  172  9:19  Roach x5  
  172  9:22  Adaptive Talons  
  160  9:32  Roach  
  160  9:33  Roach x6  
  160  9:35  Lurker  
  175  9:42  Muscular Augments  
  167  9:47  Roach  
  167  9:48  Roach x4  
  167  9:49  Roach  
  175  9:53  Drone x4  
  179  10:05  Hydralisk x7  
  183  10:12  Zergling x2  
  183  10:13  Zergling x16  
  188  10:33  Hydralisk  
  188  10:34  Hydralisk x4  
  198  10:41  Zerg Ground Armor Level 1  
  198  10:50  Hatchery  
  198  10:53  Lurker  
  198  10:54  Grooved Spines, Lurker x2  
  198  11:06  Hydralisk  
  198  11:07  Hydralisk x3  
  198  11:08  Zergling x2  
  198  11:12  Zergling x18, Roach  
  188  11:30  Roach x12  
  191  11:40  Hydralisk x4  
  188  11:48  Hydralisk x2  
  188  11:49  Queen  
  188  11:50  Queen  
  191  11:56  Hydralisk x2  
  191  11:57  Hydralisk x2  
  197  12:03  Hydralisk  
  192  12:21  Hydralisk x5  
  192  12:22  Hydralisk x2  
  194  12:27  Hydralisk x3  
  188  12:48  Extractor x2  
Show
View Real Time Build Order
Export as new Build Order

PtitDrogo Protoss 

Build Orders: 1 Gate Expand, Oracle Opening, Carriers 

Get SALT Encoding   

  12  0:00  Probe  
  13  0:12  Probe  
  14  0:20  Pylon  
  14  0:24  Probe  
  15  0:38  Probe (Chrono Boost)  
  15  0:41  Gateway  
  16  0:47  Probe (Chrono Boost)  
  17  0:52  Probe  
  17  0:55  Assimilator  
  18  1:04  Probe  
  19  1:16  Probe  
  20  1:27  Nexus  
  20  1:37  Cybernetics Core  
  20  1:40  Probe  
  20  1:46  Assimilator  
  21  1:52  Probe  
  22  1:56  Pylon  
  22  2:04  Probe  
  23  2:11  Adept (Chrono Boost)  
  25  2:16  Probe  
  25  2:20  Stargate  
  26  2:27  Warp Gate  
  26  2:28  Probe (Chrono Boost)  
  27  2:32  Adept (Chrono Boost)  
  29  2:39  Probe (Chrono Boost)  
  31  2:46  Probe (Chrono Boost)  
  31  2:49  Probe (Chrono Boost)  
  32  2:53  Probe (Chrono Boost)  
  32  2:54  Probe (Chrono Boost)  
  32  2:55  Adept  
  36  3:02  Oracle (Chrono Boost)  
  36  3:04  Probe  
  40  3:06  Probe  
  40  3:12  Pylon  
  41  3:17  Probe  
  41  3:19  Probe  
  43  3:29  Probe  
  43  3:30  Gateway  
  43  3:31  Probe  
  43  3:33  Oracle (Chrono Boost)  
  45  3:40  Pylon  
  45  3:41  Probe  
  49  3:44  Probe  
  50  3:53  Probe  
  51  3:57  Nexus  
  51  4:01  Probe  
  52  4:05  Probe  
  52  4:08  Robotics Facility  
  53  4:13  Probe (Chrono Boost)  
  53  4:14  Pylon  
  53  4:16  Stalker  
  56  4:20  Probe (Chrono Boost)  
  56  4:22  Assimilator  
  57  4:25  Assimilator, Probe (Chrono Boost)  
  59  4:33  Probe x2 (Chrono Boost)  
  60  4:40  Probe  
  60  4:41  Probe  
  59  4:47  Twilight Council, Forge  
  59  4:52  Probe  
  60  4:54  Gateway x2  
  60  4:58  Probe  
  60  5:01  Robotics Bay, Observer (Chrono Boost)  
  60  5:04  Probe  
  62  5:07  Sentry  
  62  5:09  Zealot  
  62  5:10  Probe  
  62  5:13  Probe  
  66  5:16  Probe  
  66  5:21  Immortal  
  71  5:24  Probe (Chrono Boost), Shield Battery  
  71  5:26  Probe (Chrono Boost)  
  71  5:28  Probe (Chrono Boost)  
  74  5:33  Protoss Ground Weapons Level 1 (Chrono Boost)  
  74  5:34  Blink  
  75  5:38  Probe (Chrono Boost)  
  75  5:39  Probe (Chrono Boost)  
  75  5:40  Probe (Chrono Boost), Pylon  
  77  5:43  Probe (Chrono Boost)  
  77  5:44  Probe (Chrono Boost)  
  77  5:46  Probe  
  80  5:53  Probe  
  79  5:57  Probe  
  79  5:58  Disruptor (Chrono Boost)  
  79  6:00  Probe  
  79  6:02  Assimilator  
  84  6:05  Assimilator, Probe  
  84  6:09  Gateway, Probe  
  84  6:10  Sentry  
  88  6:12  Gateway  
  88  6:16  Gateway  
  88  6:17  Gateway, Probe  
  89  6:18  Probe  
  91  6:31  Pylon x2  
  91  6:32  Disruptor (Chrono Boost)  
  92  6:38  Pylon  
  93  6:40  Nexus  
  93  6:45  Photon Cannon  
  93  6:49  Stalker x4  
  93  6:52  Disruptor  
  101  6:58  Probe x2  
  101  7:01  Photon Cannon  
  103  7:08  Photon Cannon  
  106  7:10  Shield Battery  
  106  7:11  Photon Cannon  
  106  7:14  Stalker  
  106  7:15  Stalker  
  110  7:16  Probe  
  110  7:17  Probe x2  
  113  7:29  Probe  
  114  7:32  Disruptor (Chrono Boost)  
  117  7:40  Pylon  
  117  7:41  Assimilator  
  117  7:45  Assimilator  
  117  7:46  Protoss Ground Weapons Level 2 (Chrono Boost)  
  117  7:47  Pylon  
  117  7:49  Pylon  
  117  7:50  Charge  
  117  7:52  Probe x2  
  117  7:53  Stalker  
  117  7:56  Stalker  
  117  7:57  Stalker x2  
  127  8:05  Probe  
  127  8:07  Probe  
  127  8:11  Probe  
  127  8:12  Disruptor (Chrono Boost)  
  130  8:16  Gateway  
  130  8:18  Gateway  
  133  8:20  Zealot  
  133  8:21  Zealot x5, Gateway  
  133  8:22  Templar Archives  
  145  8:27  Shield Battery  
  145  8:30  Gateway  
  145  8:31  Photon Cannon  
  145  8:40  Fleet Beacon  
  145  8:43  Stargate  
  145  8:45  Warp Prism (Chrono Boost)  
  145  8:52  Pylon  
  145  8:54  Pylon  
  145  8:58  High Templar x3  
  145  8:59  High Templar  
  145  9:00  High Templar  
  155  9:03  High Templar  
  155  9:05  Pylon  
  155  9:08  Archon x2  
  155  9:09  Archon, Pylon  
  145  9:22  Photon Cannon  
  145  9:23  Photon Cannon  
  145  9:30  Carrier x2 (Chrono Boost)  
  145  9:31  Observer (Chrono Boost)  
  158  9:38  Stargate  
  158  9:44  Observer (Chrono Boost)  
  157  9:54  Zealot x8, Shield Battery  
  157  9:55  Zealot x3  
  147  10:19  Zealot x9  
  165  10:24  Carrier (Chrono Boost)  
  165  10:25  Carrier (Chrono Boost)  
  160  10:48  High Templar x4  
  168  10:54  Photon Cannon, Shield Battery  
  141  11:17  Zealot x8  
  152  11:19  Carrier (Chrono Boost)  
  156  11:29  Carrier (Chrono Boost)  
  156  11:30  Observer  
  133  11:41  Zealot x2  
  133  11:42  Stalker x5, Zealot x4  
  133  11:43  Stalker  
  151  11:51  Observer  
  152  12:06  Shield Battery  
  152  12:08  Photon Cannon  
  150  12:13  Observer  
  145  12:18  Zealot x2  
  142  12:25  Zealot x2  
  120  12:38  Zealot x4  
  120  12:39  Zealot  

Tags
 
Add a new tag
Caveats
  • Supply blocks, unpowered buildings, or Contaminate may cause inaccurate times.
  • Supply counts are checked every 10 seconds.